 Dungeon Crawl Stone Soup version 0.24.0-123-gd5b16e6ec5 (webtiles) character file.

Game seed: 9660927842428802155, levelgen mode: deterministic

77 Peloso the Skirmisher (level 4, -8/41 HPs)
             Began as a Minotaur Fighter on Jan 30, 2020.
             Blown up by a goblin (24 damage)
             ... with a disintegration bolt
             ... on level 2 of the Dungeon.
             The game lasted 00:02:07 (1330 turns).

Peloso the Skirmisher (Minotaur Fighter)            Turns: 1330, Time: 00:02:07

Health: -8/41      AC:  7    Str: 20    XL:     4   Next: 14%
Magic:  3/3        EV:  7    Int:  5    God:
Gold:   53         SH:  9    Dex: 11    Spells: 3/3 levels left

rFire    . . .     SeeInvis .   a - +0 long sword
rCold    . . .     Gourm    .   c - +0 shield
rNeg     . . .     Faith    .   b - +0 scale mail
rPois    .         Spirit   .   (helmet restricted)
rElec    .         Reflect  .   (no cloak)
rCorr    .         Harm     .   (no gloves)
MR       .....                  (no boots)
Stlth    ..........             (no amulet)
HPRegen  0.13/turn              (no ring)
MPRegen  0.08/turn              (no ring)

@: no status effects
A: retaliatory headbutt, horns 2
a: no special abilities


You were on level 2 of the Dungeon.
You were hungry.

You visited 1 branch of the dungeon, and saw 2 of its levels.

You collected 53 gold pieces.

Inventory:

Hand Weapons
 a - a +0 long sword (weapon)
Armour
 b - a +0 scale mail (worn)
 c - a +0 shield (worn)
Jewellery
 g - an uncursed amulet of faith {unknown}
Scrolls
 h - a scroll of amnesia {unknown}
 i - a scroll of identify {unknown}
Potions
 d - a potion of might
 e - a potion of curing {unknown}
Comestibles
 f - 3 rations
 j - 4 chunks of flesh


   Skills:
 + Level 4.4 Fighting
 + Level 3.4 Long Blades
 + Level 4.3 Armour
 + Level 0.2 Dodging
 + Level 0.1 Stealth
 + Level 4.1 Shields


You had 3 spell levels left.
You didn't know any spells.
Your spell library was empty.

Dungeon Overview and Level Annotations

Branches:
Dungeon (2/15)

Altars:
Sif Muna


Innate Abilities, Weirdness & Mutations

You reflexively headbutt those who attack you in melee.
You have a pair of horns on your head.


Message History

You barely miss the gnoll. You headbutt the gnoll.
The gnoll is lightly wounded.
The goblin hits you but does no damage. The goblin hits you with a +0 dagger.
You block the gnoll's attack.
The goblin unwields a +0 hunting sling.
The goblin wields a +0 dagger.
The goblin hits you with a +0 dagger. The goblin closely misses you.
You furiously retaliate!
You headbutt the goblin!
You kill the goblin!
Your shield and scale mail prevent you from hitting the gnoll.
The gnoll is lightly wounded.
You block the goblin's attack. The gnoll hits you with a +0 spear!
The goblin hits you but does no damage. You block the goblin's attack.
The gnoll hits you with a +0 spear.
Unknown command.
Your shield and scale mail prevent you from hitting the gnoll.
The goblin barely misses you.
You riposte.
Your shield and scale mail prevent you from hitting the goblin.
The goblin zaps a wand.
You are blasted!
Ouch! That really hurt!
You die...

### #.# #.#
.. #.# #.#
... #.####.#
.... #.......
...######
######.#
......# #.#
#....# .# #..
#...g# #.#
### #g@)# #.#
#..####g###.#
#..g..(†...#
######
##.......(.#
###.....
###....(..#
#....... .##
#..#
####..(.#
#.#.###. ..
#..## ####.#
#.#.###.
...#...#
###...#
#.#.#...
..#[..#
##...[.#
#.#.#.#.


You could see a gnoll and 2 goblins.

Vanquished Creatures
  A worker ant (D:2)
  An adder (D:2)
  A worm (D:2)
  2 leopard geckos (D:2)
  8 bats
  2 giant cockroaches
  3 goblins
  4 hobgoblins
  A jackal (D:2)
  A ball python (D:2)
  4 frilled lizards
  8 kobolds
  5 rats
41 creatures vanquished.

Notes
Turn   | Place    | Note
-------+----------+-------------------------------------------
     0 | D:1      | Peloso the Minotaur Fighter began the quest for the Orb.
     0 | D:1      | Reached XP level 1. HP: 19/19 MP: 0/0
   292 | D:1      | Reached XP level 2. HP: 21/27 MP: 1/1
   821 | D:2      | Reached XP level 3. HP: 18/33 MP: 2/2
   946 | D:2      | Found a shimmering blue altar of Sif Muna.
  1283 | D:2      | Reached XP level 4. HP: 39/41 MP: 3/3
  1330 | D:2      | Blown up by a goblin

Levels and vault maps discovered:
D:1:      dpeg_arrival_rooms_b, layout_basic, corexii_hall_statues_l
D:2:      minmay_recursive_quarters, layout_loops_corners,
          nicolae_overflow_hidden_temple

Skill      XL: |  1  2  3 |
---------------+----------+-----
Fighting       | 4 |  4.4
Long Blades    | 3 |  3.4
Armour         | 4 |  4.3
Shields        | 4 |  4.1
Dodging        | |  0.2
Stealth        | |  0.1

Action                   |  1- 3 |  4- 6 || total
-------------------------+-------+-------++-------
Melee: Long sword        |    90 |    19 ||   109
       Headbutt          |    10 |     2 ||    12
  Eat: Chunk             |       |     1 ||     1
Armor: Scale mail        |    55 |     7 ||    62
Dodge: Dodged            |    32 |     4 ||    36
Block: Shield            |    53 |    22 ||    75
       Rpst.: Long sword |     6 |     2 ||     8
